 Dungeon Crawl Stone Soup version 0.23.0 (webtiles) character file.

Game seed: 1844080374427052846

12244 H0rd4k the Slicer (level 12, -9/90 (91) HPs)
             Began as a Human Artificer on Feb 10, 2019.
             Was an Initiate of Gozag.
             Killed by divine providence
             ... invoked by an orc priest
              (18 damage)
             ... on level 2 of the Orcish Mines.
             The game lasted 01:06:06 (16066 turns).

H0rd4k the Slicer (Human Artificer)                Turns: 16066, Time: 01:06:06

HP:   -9/90 (91)    AC: 18    Str: 18    XL:     12   Next: 17%
MP:   15/15         EV: 15    Int: 14    God:    Gozag
Gold: 1021          SH:  0    Dex: 13    Spells: 11/11 levels left

rFire    + . .     SeeInvis +   D - +2 dagger (freeze)
rCold    + . .     Gourm    .   (no shield)
rNeg     . . .     Faith    .   k - +5 ring mail "Xumiulag" {Str+2 Slay+5}
rPois    .         Spirit   .   J - +2 helmet
rElec    .         Reflect  .   n - scarf {rC+ rF+}
rCorr    .         Harm     +   (no gloves)
MR       .....                  b - +2 pair of boots {run}
Stlth    +++.......             B - amulet of harm
HPRegen  0.25/turn              p - ring of wizardry
MPRegen  0.14/turn              O - ring of see invisible

@: about to teleport, gold aura, quick
A: no striking features
a: Potion Petition, Call Merchant, Bribe Branch, Renounce Religion


You were on level 2 of the Orcish Mines.
You worshipped Gozag.
Gozag was most pleased with you.
You were not hungry.

You visited 3 branches of the dungeon, and saw 14 of its levels.

You collected 2239 gold pieces.
You spent 325 gold pieces at shops.
You paid 893 gold pieces to Gozag.

Inventory:

Hand Weapons
 a - a +0 short sword
 g - a +0 dagger of protection
 w - a +0 rapier
 D - a +2 dagger of freezing (weapon)
Missiles
 C - 2 javelins (quivered)
Armour
 b - a +2 pair of boots of running (worn)
 k - the +5 ring mail "Xumiulag" (worn) {Str+2 Slay+5}
   (You found it on level 6 of the Dungeon)

   It affects your strength (+2).
   It affects your accuracy and damage with ranged weapons and melee attacks
   (+5).
 n - a scarf of resistance (worn)
 y - a +2 robe of the Archmagi
 J - a +2 helmet (worn)
 R - the +1 robe of Fedhas's Hatred {Str+5}
   (You found it on level 10 of the Dungeon)

   It affects your strength (+5).
Magical Staves
 u - an uncursed staff of wizardry
 L - an uncursed staff of wizardry
Jewellery
 p - a ring of wizardry (left hand)
 B - an amulet of harm (around neck)
 K - an uncursed amulet of faith
 O - a ring of see invisible (right hand)
Wands
 d - a wand of enslavement (9)
 e - a wand of random effects (5)
 A - a wand of polymorph (14)
 F - a wand of scattershot (2)
Scrolls
 c - a scroll of immolation {unknown}
 h - 2 scrolls of teleportation
 l - 9 scrolls of identify
 q - 4 scrolls of remove curse
 t - 4 scrolls of fear {unknown}
 E - 2 scrolls of enchant armour
 I - a scroll of magic mapping {unknown}
 N - a scroll of fog {unknown}
Potions
 i - a potion of cancellation {unknown}
 j - 2 potions of agility
 m - 3 potions of mutation {unknown}
 o - a potion of might {unknown}
 r - 2 potions of curing {unknown}
 s - 2 potions of magic {unknown}
 v - a potion of degeneration {unknown}
 x - 2 potions of invisibility {unknown}
 z - 3 potions of flight {unknown}
 G - 2 potions of ambrosia {unknown}
 H - a potion of brilliance {unknown}
 M - a potion of berserk rage {unknown}
 P - a potion of haste
Comestibles
 f - 8 rations


   Skills:
 + Level 7.4 Fighting
 + Level 10.3 Short Blades
 + Level 2.4 Throwing
 + Level 8.7 Armour
 + Level 7.9 Dodging
 + Level 6.6 Stealth
 + Level 4.6 Evocations


You had 11 spell levels left.
You didn't know any spells.
Your spell library was empty.

Dungeon Overview and Level Annotations

Branches:
Dungeon (11/15)            Temple (1/1) D:4            Lair (0/6) D:9
    Orc (2/2) D:11
    Elf: Orc:2

Altars:
Ashenzari
Cheibriados
Dithmenos
Elyvilon
Fedhas
Gozag
Hepliaklqana
Kikubaaqudgha
Makhleb
Nemelex Xobeh
Okawaru
Qazlal
Ru
Sif Muna
Trog
Uskayaw
Vehumet
Wu Jian
Xom
Yredelemnul
Zin
The Shining One

Shops:
Orc:1 =[

Annotations:
D:5 exclusions: downstairs and upstairs
D:6 exclusion: downstairs
D:7 !dogre, exclusions: downstairs and upstairs
D:8 exclusion: upstairs, Erica
D:11 exclusion: upstairs
Orc:2 exclusion: upstairs


Message History

Beogh smites you!
* * * LOW HITPOINT WARNING * * *
The orc wizard shouts!
You hear a shout!
An ogre comes into view. It is wielding a +0 giant spiked club.
The orc wizard casts a spell.
The orc wizard seems to speed up.
The ogre shouts!
An orc comes into view. It is wielding a -2 whip.
The orc wizard casts a spell at you.
The puff of flame hits you but does no damage.
The orc wizard casts a spell.
The orc wizard blinks!
A warg comes into view.
The ogre closely misses you.
As you read the scroll of teleportation, it crumbles to dust.
You feel strangely unstable.
The orc priest mumbles some strange prayers to Beogh against you.
Beogh smites you!
You die...
Your body crumbles into a pile of gold.

h...................###.#
......oo.o.....#...## ###
..................## #
..........oo......#
.#...o.o....#..##
##..o....######
##.......# ##oO...##
#..@...# ##.#..## ######


You could see 2 orc warriors, an ogre, an orc priest, an orc wizard and 5 orcs.

Vanquished Creatures
  Harold (D:11)
  A two-headed ogre (D:9)
  An unseen horror (D:10)
  An orc sorcerer (Orc:1)
  A troll (D:9)
  Prince Ribbit (D:6)
  Sigmund (D:5)
  5 hippogriffs
  11 yaks
  Grum (D:9)
  A warg (D:11)
  An ice beast (D:9)
  7 orc warriors
  2 necrophages
  3 sky beasts
  4 phantoms
  4 scorpions
  A black bear (D:7)
  12 ogres
  7 wolves (D:9)
  3 centaurs
  A big kobold (D:9)
  7 bullfrogs
  A wyvern zombie (D:10)
  A gnoll sergeant (D:6)
  3 killer bees
  3 wights (D:9)
  4 crimson imps
  3 bullfrog zombies
  A jelly (D:8)
  A quasit (D:9)
  8 hounds
  13 orc priests
  4 bullfrog skeletons
  10 orc wizards
  2 centaur skeletons
  8 iguanas
  8 worker ants
  2 worker ant zombies (D:9)
  3 gnolls
  A river rat (D:4)
  8 adders
  3 shadow imps
  3 oozes
  7 worms
  4 dart slugs
  7 leopard geckos
  33 orcs
  A ball python (D:2)
  11 giant cockroaches
  10 goblins
  2 hobgoblins
  19 jackals
  20 kobolds
  2 quokkas
  6 bats
  5 frilled lizards
  A leopard gecko skeleton (D:6)
  7 rats
302 creatures vanquished.

Vanquished Creatures (collateral kills)
  An ogre (D:4)
  A worker ant (D:4)
  A worm (D:4)
  An orc (D:6)
  A goblin (D:11)
5 creatures vanquished.

Vanquished Creatures (others)
  An ogre (Orc:2)
  An orc priest (Orc:2)
  2 orcs
4 creatures vanquished.

Grand Total: 311 creatures vanquished

Notes
Turn   | Place    | Note
-------+----------+-------------------------------------------
     0 | D:1      | H0rd4k the Human Artificer began the quest for the Orb.
     0 | D:1      | Reached XP level 1. HP: 15/15 MP: 3/3
   157 | D:1      | Reached XP level 2. HP: 19/21 MP: 4/4
   505 | D:1      | Reached XP level 3. HP: 14/26 MP: 5/5
  1009 | D:1      | Reached skill level 1 in Armour
  1316 | D:2      | Reached skill level 2 in Short Blades
  1445 | D:2      | Reached XP level 4. HP: 28/32 MP: 6/6
  1513 | D:2      | Found a faded altar of an unknown god.
  2172 | D:2      | Reached XP level 5. HP: 21/37 MP: 7/7
  3779 | D:4      | Noticed an ogre
  3796 | D:4      | Noticed a phantom
  3853 | D:5      | Entered Level 5 of the Dungeon
  3853 | D:5      | Noticed Sigmund
  3858 | D:5      | Reached skill level 1 in Throwing
  3861 | D:5      | Killed Sigmund
  3861 | D:5      | Reached skill level 3 in Short Blades
  3861 | D:5      | Reached XP level 6. HP: 13/44 MP: 8/8
  4069 | D:5      | Noticed an ogre
  4081 | D:5      | Killed an ogre
  4081 | D:5      | Reached XP level 7. HP: 12/50 MP: 9/9
  4394 | D:5      | Found a shadowy altar of Dithmenos.
  4394 | D:5      | Found a glowing silver altar of Zin.
  4394 | D:5      | Found a snail-covered altar of Cheibriados.
  4471 | D:5      | Found a radiant altar of Vehumet.
  4963 | D:5      | Found a basalt altar of Yredelemnul.
  5168 | D:6      | Reached XP level 8. HP: 47/57 MP: 11/11
  5234 | D:6      | Noticed a hippogriff
  5400 | D:7      | Noticed a yak
  5636 | D:6      | Reached skill level 4 in Short Blades
  5660 | D:6      | Got a pitted ring mail
  5736 | D:6      | Identified the +5 ring mail "Xumiulag" {Str+2 Slay+5} (You
                  | found it on level 6 of the Dungeon)
  7175 | D:4      | Reached skill level 5 in Short Blades
  7282 | D:4      | Found a staircase to the Ecumenical Temple.
  7305 | D:4      | Reached XP level 9. HP: 63/64 MP: 12/12
  7760 | D:4      | Reached skill level 5 in Dodging
  7870 | Temple   | Entered the Ecumenical Temple
  7890 | Temple   | Became a worshipper of Gozag Ym Sagoz the Greedy
  7973 | D:6      | Reached skill level 6 in Short Blades
  7997 | D:6      | Killed a hippogriff
  9190 | D:7      | Noticed Prince Ribbit
  9231 | D:6      | Killed Prince Ribbit
  9231 | D:6      | Reached skill level 5 in Armour
  9858 | D:7      | Reached skill level 7 in Short Blades
  9868 | D:7      | Reached XP level 10. HP: 55/72 MP: 13/13
  9971 | D:7      | Reached skill level 5 in Fighting
 10400 | D:7      | Reached skill level 8 in Short Blades
 10773 | D:8      | Noticed a two-headed ogre
 10978 | D:8      | Found a sacrificial altar of Ru.
 11090 | D:8      | Found a burning altar of Makhleb.
 11721 | D:8      | Noticed Erica
 11760 | D:8      | Found a stormy altar of Qazlal.
 11977 | D:9      | Noticed a two-headed ogre
 12018 | D:9      | Found a white marble altar of Elyvilon.
 12118 | D:9      | Found an ancient bone altar of Kikubaaqudgha.
 12120 | D:9      | Found an iron altar of Okawaru.
 12273 | D:9      | Reached XP level 11. HP: 72/80 MP: 14/14
 12335 | D:9      | Reached skill level 9 in Short Blades
 12433 | D:9      | Found a staircase to the Lair.
 12607 | D:9      | Noticed Grum
 12660 | D:9      | Reached skill level 5 in Stealth
 12843 | D:9      | Killed Grum
 13150 | D:9      | Found a bloodstained altar of Trog.
 13326 | D:9      | Killed a two-headed ogre
 13537 | D:10     | Entered Level 10 of the Dungeon
 14118 | D:10     | Killed an unseen horror
 14118 | D:10     | Reached skill level 10 in Short Blades
 14412 | D:10     | Got a tattered robe
 14744 | D:10     | Identified the +1 robe of Fedhas's Hatred {Str+5} (You
                  | found it on level 10 of the Dungeon)
 14826 | D:11     | Noticed a red ugly thing
 14845 | D:11     | Noticed a brown ugly thing
 14958 | D:11     | Noticed a cyan ugly thing
 15008 | D:11     | Noticed Harold
 15050 | D:11     | Killed Harold
 15050 | D:11     | Reached XP level 12. HP: 77/90 MP: 15/15
 15068 | D:11     | Found a staircase to the Orcish Mines.
 15075 | Orc:1    | Entered Level 1 of the Orcish Mines
 15550 | Orc:1    | Found Ticit's Antique Armour Boutique.
 15648 | Orc:1    | Bought a pair of embroidered boots for 157 gold pieces
 15648 | Orc:1    | Bought a runed scarf for 168 gold pieces
 15661 | Orc:1    | Identified a +2 pair of boots of running (You bought it in
                  | a shop on level 1 of the Orcish Mines)
 15910 | Orc:1    | Noticed an orc warlord
 15929 | Orc:2    | Entered Level 2 of the Orcish Mines
 16066 | Orc:2    | Killed from afar by an orc priest

Skill      XL: |  1  2  3  4  5  6  7  8  9 10 11 |
---------------+----------------------------------+-----
Armour         | 1 2 3 6 7 8 |  8.7
Short Blades   | 2 3 5 7 8 10 | 10.3
Throwing       | 1 2 |  2.4
Fighting       | 2 3 4 5 7 |  7.4
Dodging        | 3 4 5 6 7 |  7.9
Stealth        | 2 3 4 6 |  6.6
Evocations     | 4 |  4.6

Action                   |  1- 3 |  4- 6 |  7- 9 | 10-12 || total
-------------------------+-------+-------+-------+-------++-------
Melee: Short sword       |    28 |       |       |       ||    28
       Dagger            |   196 |   254 |   497 |   727 ||  1674
       Rapier            |       |       |    68 |       ||    68
Throw: Javelin           |       |     2 |    12 |       ||    14
Invok: Potion Petition   |       |       |       |     1 ||     1
       Call Merchant     |       |       |       |     1 ||     1
Evoke: Wand              |       |    22 |     8 |     6 ||    36
  Use: Scroll            |       |       |     7 |     5 ||    12
       Potion            |       |       |     1 |       ||     1
 Stab: Sleeping          |     2 |     5 |     1 |     6 ||    14
       Distracted        |       |       |     3 |     2 ||     5
       Paralysed         |       |       |       |     1 ||     1
  Eat: Chunk             |     2 |     8 |    10 |       ||    20
       Ration            |       |       |     3 |     6 ||     9
Armor: Leather armour    |    85 |    56 |       |       ||   141
       Robe              |       |       |    89 |       ||    89
       Ring mail         |       |       |    84 |   162 ||   246
Dodge: Dodged            |   139 |   106 |   309 |   314 ||   868
